 Dungeon Crawl Stone Soup version 0.31-a0-851-g7ff8af7976 (webtiles) character file.

Game seed: 17385941702057824595

9 BritishOli the Trooper (level 2, 24/24 HPs)
             Began as a Demonspawn Fighter on Oct 6, 2023.
             Got out of the dungeon alive.
             The game lasted 00:00:13 (186 turns).

BritishOli the Trooper (Demonspawn Fighter)          Turns: 186, Time: 00:00:14

Health: 24/24      AC:  6    Str: 16    XL:     2   Next: 6%
Magic:  2/2        EV:  8    Int: 11    God:
Gold:   21         SH:  4    Dex: 12    Spells: 1/1 levels left

rFire   . . .        a - +0 war axe
rCold   . . .        c - +0 buckler
rNeg    . . .        b - +0 scale mail
rPois   .            (no helmet)
rElec   .            (no cloak)
rCorr   .            (no gloves)
SInv    .            (no boots)
Will    .....        (no amulet) Stlth
                     (no ring)
HPRegen 0.24/turn    (no ring)
MPRegen 0.08/turn

%: no passive effects
@: no status effects
A: big brain 1
a: no special abilities


You escaped.
You visited 1 branch of the dungeon, and saw 1 of its levels.

You collected 21 gold pieces.

Inventory:

Hand Weapons
 a - a +0 war axe (weapon)
Armour
 b - a +0 scale mail (worn)
 c - a +0 buckler (worn)
Scrolls
 e - a scroll of amnesia {unknown}
 f - a scroll of blinking {unknown}
Potions
 d - a potion of might
 g - a potion of heal wounds {unknown}


   Skills:
 + Level 3.1 Fighting
 + Level 2.0 Axes
 + Level 2.8 Armour
 + Level 2.8 Shields


You had one spell level left.
You didn't know any spells.
Your spell library was empty.

Dungeon Overview and Level Annotations

Branches:
Dungeon (1/15)

Altars:


Innate Abilities, Weirdness & Mutations

You have an unusually large brain. (Int +2)


Message History

You hit the frilled lizard.
You kill the frilled lizard!
A kobold comes into view. It is wielding a +0 whip.
Found 3 scrolls labelled YTIOFR MAVU and 10 gold pieces.
The kobold shouts!
A kobold is nearby!
A kobold is nearby!
A kobold is nearby!
You hit the kobold.
The kobold is severely wounded.
The kobold hits you but does no damage.
An endoplasm comes into view.
There are monsters nearby!
You closely miss the kobold.
The kobold is severely wounded.
The endoplasm quivers.
The kobold closely misses you. The kobold hits you with a +0 whip.
There are monsters nearby!
You barely miss the kobold.
The kobold is severely wounded.
The kobold hits you but does no damage.
There are monsters nearby!
There are monsters nearby!
You slash the kobold!
You kill the kobold!
Your Axes skill increases to level 2!
You have reached level 2!
Your demonic ancestry asserts itself...
Your brain expands.
An endoplasm is nearby!
The endoplasm freezes you.
You are frozen.
You see here a +0 whip.
You slash the endoplasm!
You kill the endoplasm!
No target in view!
No target in view!
You see here a dart slug corpse.
There is a staircase leading out of the dungeon here.
You have escaped!

## #.###....$##...#.. #
#..##.....#.###.#
#####.......##.....#
.....##....###.#.#.########
.##........#.........#....###
.......#####.#.#.#.#.###....#
........# .....#.#..........###
........##.#.###.###.#.#..#...#
........##......@......#......#
.......###.#.###.###.#.##..#.####
......##... ...#.#...............
##.#####.### #.#.#.#.#######...##
#.# #...# .......#...........
#.## #...## .#.#.#######.......
#..# ##....##.....#..........###
##.###......#.###.#.........##
#.........#.##.............#


There were no monsters in sight!

Vanquished Creatures
  A dart slug (D:1)
  A ball python (D:1)
  An endoplasm (D:1)
  3 kobolds (D:1)
  A frilled lizard (D:1)
7 creatures vanquished.

Notes
Turn   | Place    | Note
-------+----------+-------------------------------------------
     0 | D:1      | BritishOli the Demonspawn Fighter began the quest for the
                  | Orb.
     0 | D:1      | Reached XP level 1. HP: 18/18 MP: 1/1
   136 | D:1      | Gained mutation: You have an unusually large brain. (Int
                  | +2) [demonic ancestry]
   136 | D:1      | Reached XP level 2. HP: 22/24 MP: 2/2
   186 | D:$      | Got out of the dungeon alive.

Illustrated notes

Levels and vault maps discovered:
D:1:      roderic_chinese_lattice_arrival, layout_rooms, minmay_misc_feat_roman

Skill      XL: |  1 |
---------------+----+-----
Axes           | 2 |  2.0
Fighting       | |  3.1
Armour         | |  2.8
Shields        | |  2.8

Action                     || total
---------------------------++-------
  Melee: War axe           ||    16
 Armour: Scale mail        ||    11
  Dodge: Dodged            ||     6
  Block: Buckler           ||     1

Table legend: (Time is in decaauts)
 A = Elapsed time spent in this place.
 B = Non-inter-level travel time spent in this place.
 C = Inter-level travel time spent in this place.
 D = Time resting spent in this place.
 E = Time spent auto-exploring this place.
 F = Levels seen in this place.
 G = Mean time per level.
                   A        B        C        D        E       F      G
               +--------+--------+--------+--------+--------+-----+--------+
         Total |    193 |    146 |     47 |      0 |     97 |   1 |  193.0 |
       Dungeon |    193 |    146 |     47 |      0 |     97 |   1 |  193.0 |
               +--------+--------+--------+--------+--------+-----+--------+

Top non-repeatable levels by time:
     D:1: 193 daAuts
